 Dungeon Crawl Stone Soup version 0.31-a0-441-g867994ef1c (webtiles) character file.

Game seed: 17007753264990469148

22 redmage the Digger (level 3, -1/26 HPs)
             Began as a Meteoran Earth Elementalist on Aug 2, 2023.
             Slain by an ice beast (7 damage)
             ... on level 4 of the Dungeon.
             The game lasted 00:03:45 (292 turns).

redmage the Digger (Meteoran Earth Elementalist)     Turns: 292, Time: 00:03:46

Health: -1/26      AC:  2    Str: 15    XL:     3   Next: 23%
Magic:  3/8        EV: 12    Int: 19    God:
Gold:   35         SH:  0    Dex: 14    Spells: 2/8 levels left

rFire   . . .        (no weapon)
rCold   . . .        (no shield)
rNeg    . . .        a - +0 robe
rPois   .            (no helmet)
rElec   .            (no cloak)
rCorr   .            (no gloves)
SInv    .            (no boots)
Will    .....        (no amulet)
Stlth   +            i - +6 ring of strength
HPRegen 0.24/turn    (no ring)
MPRegen 0.11/turn

%: no passive effects
@: glowing
A: sense surroundings 1, otherworldly, glowing, explore regen
a: no special abilities


You were on level 4 of the Dungeon.
You visited 1 branch of the dungeon, and saw 4 of its levels.

You collected 35 gold pieces.

Inventory:

Missiles
 h - 4 boomerangs
Armour
 a - a +0 robe (worn)
Jewellery
 i - a +6 ring of strength (left hand)
Wands
 k - a wand of flame (26)
 l - a wand of charming (4)
Scrolls
 c - a scroll of revelation {unknown}
 d - a scroll of enchant weapon {unknown}
 e - a scroll of identify {unknown}
 g - a scroll of immolation {unknown}
 j - a scroll of fear {unknown}
Potions
 b - a potion of magic
 f - 2 potions of attraction {unknown}
 m - a potion of curing {unknown}


   Skills:
 - Level 2.4 Dodging
 - Level 1.4 Stealth
 + Level 3.0 Spellcasting
 + Level 1.2 Transmutations
 * Level 4.6 Earth Magic


You had 2 spell levels left.
You knew the following spells:

 Your Spells              Type           Power      Damage    Failure   Level
a - Sandblast             Erth           40%        2d10      2%          1
b - Passwall              Tmut/Erth      11%        N/A       7%          2
c - Stone Arrow           Conj/Erth      22%        3d8       17%         3

Your spell library contained the following spells:

 Spells                   Type           Power      Damage    Failure   Level
 Wereblood                Tmut           7%         N/A       14%         2
 Petrify                  Tmut/Erth      14%        N/A       41%         4
 Irradiate                Conj/Tmut      2%         3d12      97%         5


Dungeon Overview and Level Annotations

Branches:
Dungeon (4/15) Zot: 2096   Temple (0/1) D:4

Altars:
Uskayaw

Shops:
D:4 *


Innate Abilities, Weirdness & Mutations

You passively map a small area around you.
You are easily found by Zot.
You glow in the dark.
You regain HP and MP as you explore.


Message History

Unknown command.
Unknown command.
Unknown command.
Unknown command.
Casting: Sandblast (safe; 2% risk of failure)
Confirm with . or Enter, or press ? or * to list all spells.
Aiming: Sandblast (safe; 2% risk of failure)
Press: ? - help, Shift-Dir - straight line, f/p - ice beast
Aim: an ice beast (lightly wounded, 83% to hit)
The blast of sand hits the ice beast but does no damage.
The ice beast is lightly wounded.
The ice beast hits you. The ice beast freezes you.
Unknown command.
Unknown command.
Unknown command.
Unknown command.
Unknown command.
Casting: Sandblast (safe; 2% risk of failure)
Confirm with . or Enter, or press ? or * to list all spells.
Aiming: Sandblast (safe; 2% risk of failure)
Press: ? - help, Shift-Dir - straight line, f/p - ice beast
Aim: an ice beast (lightly wounded, 83% to hit)
The blast of sand hits the ice beast!
The ice beast is heavily wounded.
The ice beast hits you. The ice beast freezes you!
The ice beast completely misses you.
Unknown command.
Unknown command.
Unknown command.
Casting: Sandblast (safe; 2% risk of failure)
Confirm with . or Enter, or press ? or * to list all spells.
Aiming: Sandblast (safe; 2% risk of failure)
Press: ? - help, Shift-Dir - straight line, f/p - ice beast
Aim: an ice beast (heavily wounded, 83% to hit)
The blast of sand hits the ice beast.
The ice beast is severely wounded.
The ice beast hits you.
* * * LOW HITPOINT WARNING * * *
The ice beast freezes you!
You die...

, ...>.. , ..... ,
#.###* ,.⌠.. ⌠ , #... #
, ... , * #...##. ..
#########...##.##.##.##.
....†...#........Y......
#######.#.#.####@####,
..... #.#.#.#.......#
.#### #.#.#.#.†.....#*
...<#.#.#.#.#....†..#
......#.#.#....†_.....#
.######.#.###.......###
#.......#.# #...†...#
########.# #...†...# *
#.. ####.####


You could see an ice beast.

Vanquished Creatures
  4 orcs (D:3)
  2 endoplasms (D:3)
  A giant cockroach (D:4)
  2 goblins
  2 hobgoblins (D:1)
  A quokka (D:2)
  2 ball pythons
  A frilled lizard (D:2)
  A kobold (D:4)
16 creatures vanquished.

Notes
Turn   | Place    | Note
-------+----------+-------------------------------------------
     0 | D:1      | redmage the Meteoran Earth Elementalist began the quest for
                  | the Orb.
     0 | D:1      | Reached XP level 1. HP: 14/14 MP: 5/5
    77 | D:2      | Reached skill level 4 in Earth Magic
    77 | D:2      | Reached XP level 2. HP: 20/20 MP: 4/6
   165 | D:3      | Reached XP level 3. HP: 8/26 MP: 0/8
   168 | D:3      | Learned a level 2 spell: Passwall
   172 | D:3      | Learned a level 3 spell: Stone Arrow
   199 | D:4      | Found Fymariumm's Neck Hole.
   282 | D:4      | Found a hide-covered altar of Uskayaw.
   287 | D:4      | Found a staircase to the Ecumenical Temple.
   287 | D:4      | Noticed an ice beast
   292 | D:4      | Slain by an ice beast

Illustrated notes

Levels and vault maps discovered:
D:1:      denvon_arrival_hothouse, layout_rooms, serial_shops,
          nicolae_shop_tiny_statue_garden
D:2:      layout_basic
D:3:      layout_basic, shapermc_ecumenical_altar_mp_highgroup
D:4:      layout_basic, nicolae_uskayaw_murder_on_the_dancefloor,
          kennysheep_mini, minmay_temple_entry_large_hall,
          nicolae_shop_sticking_my_neck_out

Skill      XL: |  1  2  3 |
---------------+----------+-----
Earth Magic    | 4 |  4.6
Spellcasting   | 3 |  3.0
Dodging        | |  2.4
Stealth        | |  1.4
Transmutations | |  1.2

Action                     || total
---------------------------++-------
   Cast: Sandblast         ||    24
         Passwall          ||     2
  Dodge: Dodged            ||     4

Table legend: (Time is in decaauts)
 A = Elapsed time spent in this place.
 B = Non-inter-level travel time spent in this place.
 C = Inter-level travel time spent in this place.
 D = Time resting spent in this place.
 E = Time spent auto-exploring this place.
 F = Levels seen in this place.
 G = Mean time per level.
                   A        B        C        D        E       F      G
               +--------+--------+--------+--------+--------+-----+--------+
         Total |    302 |    277 |     25 |      0 |      0 |   4 |   75.5 |
       Dungeon |    302 |    277 |     25 |      0 |      0 |   4 |   75.5 |
               +--------+--------+--------+--------+--------+-----+--------+

Top non-repeatable levels by time:
     D:4: 96 daAuts
     D:2: 81 daAuts
     D:1: 75 daAuts
     D:3: 48 daAuts
